 Dungeon Crawl Stone Soup version 0.28.0-1-gb440e238dd (webtiles) character file.

Game seed: 1540390703121980044

127 Ijustatesigmund the Skirmisher (level 5, -4/37 HPs)
             Began as an Octopode Fighter on Feb 24, 2022.
             Slain by Ijyb (8 damage)
             ... on level 3 of the Dungeon.
             The game lasted 00:01:56 (2711 turns).

Ijustatesigmund the Skirmisher (Octopode Fighter)   Turns: 2711, Time: 00:01:57

Health: -4/37      AC:  1    Str: 17    XL:     5   Next: 11%
Magic:  5/5        EV: 13    Int: 11    God:
Gold:   77         SH:  4    Dex: 11    Spells: 4/4 levels left

rFire   . . .      SeeInvis .   a - +0 war axe
rCold   + . .      Faith    .   b - +0 buckler
rNeg    . . .      Spirit   .   (helmet restricted)
rPois   .          Reflect  .   (no amulet)
rElec   .          Harm     .   d - ring of protection from cold
rCorr   .          Rampage  .   (no ring)
Will    .....                   (no ring)
Stlth   ++........              (no ring)
HPRegen 0.12/turn               (no ring)
MPRegen 0.09/turn               (no ring)
                                (no ring)
                                (no ring)

@: no status effects
A: almost no armour, amphibious, 8 rings, camouflage 1, gelatinous body 1,
(nimble swimmer 1), tentacles
a: no special abilities


You were on level 3 of the Dungeon.
You visited 1 branch of the dungeon, and saw 3 of its levels.

You collected 77 gold pieces.

Inventory:

Hand Weapons
 a - a +0 war axe (weapon)
Missiles
 c - a throwing net (quivered)
Armour
 b - a +0 buckler (worn)
Jewellery
 d - a ring of protection from cold (left tentacle)
Scrolls
 f - a scroll of teleportation {unknown}
 g - a scroll of identify {unknown}
 h - a scroll of blinking {unknown}


   Skills:
 + Level 3.9 Fighting
 + Level 3.0 Axes
 + Level 3.7 Dodging
 + Level 3.8 Shields


You had 4 spell levels left.
You didn't know any spells.
Your spell library was empty.

Dungeon Overview and Level Annotations

Branches:
Dungeon (3/15)

Altars:
Uskayaw

Annotations:
D:3 Ijyb


Innate Abilities, Weirdness & Mutations

You cannot wear most types of armour.
You are amphibious.
You can wear up to eight rings at the same time.
Your skin changes colour to match your surroundings (Stealth+).
Your rubbery body absorbs attacks. (AC +1, EV +1)
((You are camouflaged when in or above water. (Stealth+)))
You have tentacles for arms and can constrict up to eight enemies at once.


Message History

There is a fountain of clear blue water here.
Found 4 poisoned darts.
You see here 4 poisoned darts.
Found a hide-covered altar of Uskayaw.
Found a stone staircase leading down.
d - a ring of protection from cold
d - a ring of protection from cold (left tentacle)
A quokka comes into view.
Ijyb the Twisted Goblin comes into view.
She is wielding a +5 club and carrying a wand of paralysis (6).
Found 2 orange potions.
Ijyb hits you with a +5 club.
You closely miss Ijyb. Your grab misses Ijyb. Ijyb barely misses you.
You closely miss Ijyb. You grab Ijyb. You constrict Ijyb.
Ijyb barely misses you. Ijyb hits you with a +5 club.
You hit Ijyb but do no damage.
Ijyb is lightly wounded.
You constrict Ijyb. Ijyb closely misses you.
You barely miss Ijyb.
Ijyb is moderately wounded.
You constrict Ijyb. Ijyb barely misses you. Ijyb hits you with a +5 club!
You hit Ijyb but do no damage. You squeeze Ijyb, but do no damage.
Ijyb is moderately wounded.
You constrict Ijyb. You block Ijyb's attack.
You hit Ijyb but do no damage.
Ijyb is heavily wounded.
You constrict Ijyb.
Ijyb zaps a wand.
You suddenly lose the ability to move!
You lose your grip on Ijyb.
Ijyb hits you with a +5 club. x2
Ijyb screams, "It's all mine!"
Ijyb hits you with a +5 club.
* * * LOW HITPOINT WARNING * * *
Ijyb drinks a potion.
Ijyb is healed!
Ijyb hits you with a +5 club.
* * * LOW HITPOINT WARNING * * *
You can move again.
Unknown command.
You hit Ijyb. You grab Ijyb.
Ijyb is heavily wounded.
You constrict Ijyb, but do no damage. Ijyb misses you.
Ijyb hits you with a +5 club!
You die...

#.. .# # #..#####.#.#
#........#.#
#..........#
#..........##
#............ #.
#.........#
#..##....@g..!# .#
#.....########### .#
#.......# #... ..#
#.....#.#####.###..#
##..............#..#
#..####...##.#...#
#..#((#...##.#(..#
#..#..#._....#.#######
....#..#....###.......#


You could see Ijyb.

Vanquished Creatures
  4 gnolls (D:2)
  3 adders
  A worm (D:2)
  A dart slug (D:2)
  3 endoplasms
  5 giant cockroaches
  8 goblins
  5 hobgoblins
  8 kobolds
  3 quokkas
  3 ball pythons
  3 bats
  4 frilled lizards
  5 rats
56 creatures vanquished.

Vanquished Creatures (others)
  2 plants (D:2)
2 creatures vanquished.

Grand Total: 58 creatures vanquished

Notes
Turn   | Place    | Note
-------+----------+-------------------------------------------
     0 | D:1      | Ijustatesigmund the Octopode Fighter began the quest for
                  | the Orb.
     0 | D:1      | Reached XP level 1. HP: 16/16 MP: 1/1
   203 | D:1      | Reached XP level 2. HP: 18/21 MP: 2/2
   647 | D:1      | Reached XP level 3. HP: 26/26 MP: 3/3
  1460 | D:2      | Reached XP level 4. HP: 17/31 MP: 4/4
  1857 | D:2      | Found a faded altar of an unknown god.
  2082 | D:2      | HP: 1/32 [gnoll (10)]
  2091 | D:2      | Reached XP level 5. HP: 2/37 MP: 5/5
  2684 | D:3      | Noticed a +0 dagger
  2685 | D:3      | Noticed a +0 hand axe
  2686 | D:3      | Found a hide-covered altar of Uskayaw.
  2696 | D:3      | Noticed Ijyb
  2705 | D:3      | Paralysed by Ijyb for 6 turns
  2711 | D:3      | Slain by Ijyb

Illustrated notes

Levels and vault maps discovered:
D:1:      minmay_arrival_jagged, layout_loops_corners, minmay_distorted
D:2:      layout_loops_ring, shapermc_ecumenical_altar_petra,
          hangedman_abyss_or_decor_lesser_grid
D:3:      layout_basic, dancing_weapons_uskayaw, mainiacjoe_overflow_catwalk,
          lightli_temple_of_fire, grunt_ministairs_2, uniq_ijyb

Skill      XL: |  1  2  3  4  5 |
---------------+----------------+-----
Axes           | 3 |  3.0
Fighting       | |  3.9
Dodging        | |  3.7
Shields        | |  3.8

Action                   |  1- 3 |  4- 6 || total
-------------------------+-------+-------++-------
Melee: War axe           |    52 |    40 ||    92
       Constrict         |    13 |    13 ||    26
       Tentacles         |     8 |    11 ||    19
       Punch             |     1 |     1 ||     2
  Use: Potion            |       |     3 ||     3
 Stab: Sleeping          |     8 |     3 ||    11
       Invisible         |       |     1 ||     1
Armor: Skin              |     5 |     2 ||     7
Dodge: Dodged            |    22 |    27 ||    49
Block: Buckler           |     6 |     1 ||     7
